AoeStats
← survivorsteven

African Clearing

506152736Analyzed
4v4 RM · 21d ago on Sep 12, 2026· 17m 38s· 8 players
Game mode
Random Map
Map size
Large (8 player)
Population
200
Speed
Normal
Resources
Standard
Victory
Conquest
Starting age
Dark Age
Ending age
Imperial Age
RankedLock teamsTeams togetherTeam positionsShared explorationLock speedFull tech treeHidden civsTurbo modeCheats
Victory
Defeat
🇭🇰 Magyars · Hong Kong SAR China
1388
+15
🇺🇸 Georgians · United States
1356
+16
🇦🇷 Portuguese · Argentina
1291
+18
🇻🇳 Mongols · Vietnam
1288
+19
🇹🇼 Berbers · Taiwan
1363
-17
1356
-17
🇻🇳 Wei · Vietnam
1352
-17
🇨🇳 Maya · China
1342
-17
đường lên đỉnh 1k8
10:59 Loom
anny52086
11:32 Loom
13:25 Feudal Age
18:14 Castle Age
16:52 Double-Bit Axe
一只小耳
6:04 Loom
14:09 Feudal Age
18:37 Castle Age
娘子出來看上帝了
3:55 Loom
12:10 Feudal Age
14:02 Forging
15:26 Horse Collar
15:32 Double-Bit Axe
Hope
6:30 Loom
12:03 Feudal Age
aged2
7:36 Loom
15:03 Feudal Age
18:48 Castle Age
17:01 Double-Bit Axe
La Apple
10:05 Loom
13:13 Feudal Age
survivorsteven
8:34 Loom
12:44 Feudal Age
13:52 Double-Bit Axe
14:19 Horse Collar
Connection lost

Rejoining the realm…

Still unreachable

The connection could not be restored.

Session expired

The server has moved on; the page needs a fresh start.